 Dungeon Crawl Stone Soup version 0.15-a0-2130-g28e4b74 (webtiles) character file.

45006 Econoterrorist the Unseen (level 13, -12/65 HPs)
             Began as a Spriggan Enchanter on July 17, 2014.
             Was the Champion of Dithmenos.
             Mangled by a dire elephant (33 damage)
             ... on Level 8 of the Lair of Beasts.
             The game lasted 01:32:46 (21081 turns).

Econoterrorist the Unseen (Spriggan Enchanter)     Turns: 21081, Time: 01:32:48

HP -12/65        AC  7     Str  4      XL: 13   Next: 99%
MP   9/33        EV 25     Int 22      God: Dithmenos [******]
Gold 977         SH  0     Dex 16      Spells:  8 memorised,  2 levels left

rFire  + + +     SeeInvis +     w - +5 short sword of Doom {venom, rF+}
rCold  . . .     Clarity  .     G - +1 robe "Smiumuek" {+Blink +Inv rElec SInv}
rNeg   + . .     rCorr    .     (shield restricted)
rPois  .         rRot     .     g - +2 hat
rElec  +         Spirit   .     k - +1 cloak of the Hunter {rF+}
SustAb .         Warding  +     (gloves unavailable)
rMut   .         Stasis   .     (boots unavailable)
Gourm  .                        S - amulet of warding
MR     ++...                    d - ring of stealth
                                K - ring of protection from fire

@: flying (expiring), very slightly contaminated, wreathed by umbra, studying
Translocations, deflect missiles, invisible, very quick, very resistant to
hostile enchantments, extraordinarily stealthy
A: unfitting armour, hooves 1, see invisible, herbivore 3, speed 3, slow
metabolism 2
a: Shadow Step, Shadow Form, Renounce Religion, Evoke Blink


You were on level 8 of the Lair of Beasts.
You worshipped Dithmenos.
Dithmenos was exalted by your worship.
You were not hungry.

You visited 3 branches of the dungeon, and saw 19 of its levels.
You also visited: Sewer.

You collected 1152 gold pieces.
You spent 175 gold pieces at shops.

Inventory:

Hand weapons
 e - a +2 dagger of venom
 w - the cursed +5 short sword of Doom (weapon) {venom, rF+}
   (You found it on level 5 of the Dungeon)

   It poisons the flesh of those it strikes.
   It protects you from fire.
   It has a curse placed upon it.
Armour
 g - a +2 hat (worn)
 k - the +1 cloak of the Hunter (worn) {rF+}
   (You found it on level 5 of the Lair of Beasts)

   It protects you from fire.
 G - the +1 robe "Smiumuek" (worn) {+Blink +Inv rElec SInv}
   (You bought it in a shop on level 7 of the Dungeon)

   It insulates you from electricity.
   It enhances your eyesight.
   It lets you turn invisible.
   It lets you blink.
Magical devices
 f - a wand of digging (10)
 r - a wand of draining (3)
 H - a wand of teleportation (1)
 L - a wand of digging (16)
 O - a wand of teleportation (6)
Comestibles
 a - 51 fruits
 b - 5 bread rations
 U - 9 royal jellies
Scrolls
 i - 2 scrolls of identify
 l - 5 scrolls of remove curse
 n - 2 scrolls of enchant armour
 o - a scroll of fear
 q - 6 scrolls of random uselessness {unknown}
 t - 4 scrolls of amnesia {unknown}
 v - 2 scrolls of enchant weapon {unknown}
 x - 2 scrolls of silence {unknown}
 y - 8 scrolls of fog
 z - 11 scrolls of teleportation
 C - 2 scrolls of magic mapping {unknown}
Jewellery
 d - a ring of stealth (right hand)
 h - an uncursed ring of protection from magic
 m - an uncursed ring of wizardry
 K - a ring of protection from fire (left hand)
 P - an uncursed ring of sustain abilities {unknown}
 S - an amulet of warding (around neck)
Potions
 j - 5 potions of heal wounds
 p - 5 potions of brilliance
 s - 5 potions of curing
 u - 2 potions of magic
 A - 2 potions of haste
 B - 2 potions of might
 D - a potion of agility
 F - 2 potions of resistance
 J - a potion of restore abilities
 Q - a potion of berserk rage
 Z - a potion of cancellation
Books
 c - a book of Maledictions

   Spells                             Type                      Level
   *Corona                            Hexes                        1
   Sure Blade                         Hexes/Charms                 2
   *Ensorcelled Hibernation           Hexes/Ice                    2
   *Confuse                           Hexes                        3
   Dazzling Spray                     Conjuration/Hexes            3
   *Enslavement                       Hexes                        4
 E - a Necronomicon {highlevel, unknown}

   This book is beyond your current level of understanding.

   Spells                             Type                      Level
   Haunt                              Necromancy/Summoning         7
   Borgnjor's Revivification          Necromancy                   8
   Death's Door                       Charms/Necromancy            8
   Necromutation                      Transmutation/Necromancy     8
 I - a book of Enchantments

   Spells                             Type                      Level
   *Tukima's Dance                    Hexes                        3
   Cause Fear                         Hexes                        4
   Silence                            Hexes/Air                    5
   *Deflect Missiles                  Charms/Air                   6
   Haste                              Charms                       6
   Discord                            Hexes                        8
 N - a book of Wizardry

   Spells                             Type                      Level
   Agony                              Necromancy                   5
   Force Lance                        Conjuration                  5
   Dispersal                          Translocation                6
   Haste                              Charms                       6
   *Invisibility                      Hexes                        6
   Spellforged Servitor               Conjuration/Summoning        7
 R - a manual of Translocations
 W - a book of the Dragon

   Spells                             Type                      Level
   *Flight                            Charms/Air                   3
   Cause Fear                         Hexes                        4
   Bolt of Fire                       Conjuration/Fire             6
   Dragon Form                        Transmutation                7
   Dragon's Call                      Summoning                    9
 Y - a Young Poisoner's Handbook

   Spells                             Type                      Level
   Sting                              Conjuration/Poison           1
   Cure Poison                        Poison                       2
   Mephitic Cloud                     Conjuration/Poison/Air       3
   Olgreb's Toxic Radiance            Poison                       4
   Venom Bolt                         Conjuration/Poison           5


   Skills:
 - Level 6.0 Fighting
 - Level 12.0 Short Blades
 - Level 10.0 Dodging
 - Level 15.9 Stealth
 - Level 9.0 Spellcasting
 - Level 11.0 Hexes
 - Level 10.0 Charms
 + Level 6.8 Air Magic
 - Level 10.0 Evocations


You had 2 spell levels left.
You knew the following spells:

 Your Spells              Type           Power        Failure   Level  Hunger
a - Corona                Hex            ######.      1%          1    None
b - Ensorcelled Hibernat  Hex/Ice        ####..       1%          2    None
c - Confuse               Hex            ######..     1%          3    None
d - Enslavement           Hex            ######..     1%          4    ##.....
e - Invisibility          Hex            ######..     14%         6    ######.
f - Tukima's Dance        Hex            ######..     1%          3    None
g - Flight                Chrm/Air       #####.....   1%          3    None
h - Deflect Missiles      Chrm/Air       #####.....   34%         6    ######.


Dungeon Overview and Level Annotations

Branches:
Dungeon (10/15)            Temple (1/1) D:7             Orc (0/4) D:9
   Lair (8/8) D:9           Swamp (0/5) Lair:3       Spider (0/5) Lair:3
  Slime (0/6) Lair:8

Altars:
Ashenzari
Cheibriados
Dithmenos
Elyvilon
Fedhas
Gozag
Kikubaaqudgha
Makhleb
Nemelex Xobeh
Okawaru
Qazlal
Sif Muna
Trog
Vehumet
Xom
Yredelemnul
Zin
The Shining One

Shops:
D:4 *   D:7 [

Annotations:
D:10 Josephine


Innate Abilities, Weirdness & Mutations

You are tiny and cannot use many weapons and most armour.
You have supernaturally acute eyesight.
You are a herbivore.
You cover ground extremely quickly.
You need consume almost no food.
You have large cloven feet.


Message History

You hit the dire elephant but do no damage.
The dire elephant is moderately wounded.
Your shadow hits the dire elephant but does no damage.
You hit the dire elephant but do no damage.
The dire elephant is moderately wounded.
You catch the helpless dire elephant completely off-guard!
You impale the dire elephant!!
The dire elephant looks even sicker.
The dire elephant is heavily wounded.
The dire elephant completely misses you.
The dire elephant misses you.
You strike the helpless dire elephant from behind!
You impale the dire elephant!!
The dire elephant is severely wounded.
You puncture the dire elephant!
You kick the dire elephant, but do no damage.
The dire elephant is severely wounded.
Your shadow hits the dire elephant but does no damage.
The dire elephant tramples you!!
Ouch! That really hurt!
You die...

#.#♣.PP #.........
#.#...#####.%........
#.#..................
##P#.....P............
##8.#..Y.#PP............
#...'.......P...........P
#.⌠.'....................
#...'..P....Y............
##8.#........@%...........
++####.#........................
≈≈≈.##.#.........................
≈≈≈≈.#§#.........................
≈≈≈≈≈#Y#.........................
.≈≈≈##.#.........................
...≈#..#.........................
'####.##.........................
.8#...#♣.....................%...


You could see 2 dire elephants.

Vanquished Creatures
  Maud (Lair:7)
  A dire elephant (Lair:8)
  The ghost of Podrick the Carver, a powerful HuFi of Makhleb (Lair:1)
  Harold (D:10)
  5 hydras
  An anaconda (Lair:8)
  Erica (Lair:7)
  7 oklob plants
  A griffon (Lair:3)
  A faun (Lair:7)
  3 elephants (Lair:7)
  A torpor snail (Lair:3)
  7 spiny frogs
  A black mamba (Lair:7)
  5 komodo dragons
  4 fire drakes
  Prince Ribbit (D:4)
  26 blink frogs
  A giant leech (Lair:3)
  A queen bee (Lair:4)
  2 boulder beetles
  4 basilisks
  38 yaks
  A deep elf mage (D:9)
  7 hippogriffs
  Eustachio (D:8)
  2 wyverns
  Grum (D:9)
  9 wolves
  A steam dragon (D:9)
  Edmund (D:4)
  A swamp worm (Lair:3)
  A black bear (D:8)
  11 porcupines
  3 sky beasts
  An ice beast (D:7)
  22 water moccasins
  5 ogres
  A phantom (D:4)
  The ghost of Zuul the Skirmisher, an average DsFi (D:3)
  18 crocodiles
  4 orc warriors
  3 centaurs
  2 boring beetles
  Sigmund (D:2)
  21 giant frogs
  22 killer bees
  A scorpion (D:7)
  A hippogriff skeleton (D:6)
  2 electric eels
  2 crimson imps (D:6)
  3 goliath beetles
  4 jellies (D:8)
  A quasit (D:9)
  A gnoll shaman (D:5)
  8 hounds
  6 orc priests
  3 worker ants
  11 iguanas
  11 orc wizards
  27 sheep
  6 orange rats (Lair:6)
  Ijyb (D:3)
  Jessica (D:2)
  2 hound zombies
  Terence (D:3)
  3 gnolls (D:5)
  71 green rats
  2 orc skeletons
  37 adders
  2 giant mites (D:3)
  2 worms
  3 shadow imps
  An adder skeleton (D:4)
  2 orc zombies
  6 giant geckos
  3 oozes
  48 orcs
  5 giant cockroaches
  A gnoll zombie (D:5)
  11 goblins
  11 hobgoblins
  3 jackals (D:6)
  5 quokkas
  10 ball pythons (Sewer)
  A ball python skeleton (D:5)
  11 bats
  A giant gecko skeleton (D:4)
  8 giant newts
  A jackal skeleton (D:7)
  11 kobolds
  39 rats
  2 plants (Lair:8)
646 creatures vanquished.

Vanquished Creatures (others)
  A yak (Lair:8)
  A crocodile (Lair:8)
  2 fungi
  2 plants (Lair:7)
6 creatures vanquished.

Grand Total: 652 creatures vanquished

Notes
Turn   | Place    | Note
--------------------------------------------------------------
     0 | D:1      | Econoterrorist, the Spriggan Enchanter, began the quest for the Orb.
     0 | D:1      | Reached XP level 1. HP: 9/9 MP: 4/4
   309 | D:1      | Reached skill level 5 in Stealth
   330 | D:1      | Reached XP level 2. HP: 10/13 MP: 7/7
   335 | D:1      | Learned a level 2 spell: Ensorcelled Hibernation
   798 | D:1      | Reached skill level 6 in Stealth
  1045 | D:2      | Noticed Jessica
  1061 | D:2      | Killed Jessica
  1061 | D:2      | Reached XP level 3. HP: 16/16 MP: 1/9
  1081 | D:2      | Reached skill level 7 in Stealth
  1296 | D:2      | Reached XP level 4. HP: 21/21 MP: 2/12
  1301 | D:2      | Learned a level 3 spell: Confuse
  1488 | D:2      | Reached skill level 8 in Stealth
  1559 | D:2      | Noticed Sigmund
  1569 | D:2      | Killed Sigmund
  1569 | D:2      | Reached XP level 5. HP: 16/24 MP: 2/18
  1942 | D:3      | Noticed Zuul's ghost (average DsFi)
  1970 | D:3      | Killed Zuul's ghost
  1970 | D:3      | Reached skill level 5 in Spellcasting
  1970 | D:3      | Reached XP level 6. HP: 19/28 MP: 5/21
  2071 | D:3      | Noticed Terence
  2085 | D:3      | Killed Terence
  2339 | D:3      | Noticed Ijyb
  2362 | D:3      | Killed Ijyb
  2662 | D:3      | Reached skill level 5 in Hexes
  2724 | D:4      | Noticed Edmund
  2952 | D:4      | Killed Edmund
  2952 | D:4      | Reached XP level 7. HP: 32/32 MP: 20/24
  2965 | D:4      | Found an opulent altar of Gozag.
  3180 | D:4      | Found Tahum's General Store.
  3446 | D:4      | Bought a potion of heal wounds for 33 gold pieces
  3892 | D:4      | Noticed Prince Ribbit
  3905 | D:4      | Killed Prince Ribbit
  4089 | D:4      | Reached XP level 8. HP: 34/36 MP: 23/25
  4139 | D:5      | Entered Level 5 of the Dungeon
  4203 | D:5      | Found a sparkling altar of Nemelex Xobeh.
  4233 | D:5      | Learned a level 4 spell: Enslavement
  4587 | D:5      | Got a smoking short sword
  4588 | D:5      | Identified the +5 short sword of Doom {venom, rF+} (You found it on level 5 of the Dungeon)
  4791 | D:5      | Reached skill level 5 in Short Blades
  5212 | D:6      | Reached skill level 5 in Dodging
  5221 | D:6      | Found a glowing drain.
  5239 | Sewer    | Entered a sewer
  5790 | Sewer    | Reached skill level 9 in Stealth
  5984 | D:6      | Reached XP level 9. HP: 39/39 MP: 26/26
  6313 | D:6      | Reached skill level 10 in Stealth
  6795 | D:6      | Found a basalt altar of Yredelemnul.
  6899 | D:7      | Reached skill level 11 in Stealth
  7146 | D:7      | Found a staircase to the Ecumenical Temple.
  7151 | Temple   | Entered the Ecumenical Temple
  7221 | Temple   | Became a worshipper of Dithmenos the Shadowed
  7331 | D:7      | Reached skill level 12 in Stealth
  7558 | D:7      | Reached skill level 13 in Stealth
  7563 | D:7      | Found a glowing golden altar of the Shining One.
  7601 | D:7      | Found Souxiosi's Antique Armour Emporium.
  7615 | D:7      | Bought a faintly humming robe for 142 gold pieces
  7621 | D:7      | Identified the +1 robe "Smiumuek" {+Blink +Inv rElec SInv} (You bought it in a shop on level 7 of the Dungeon)
  7965 | D:8      | Noticed Eustachio
  7973 | D:8      | Killed Eustachio
  8014 | D:8      | Reached skill level 14 in Stealth
  8547 | D:8      | Reached XP level 10. HP: 44/44 MP: 17/27
  8616 | D:9      | Found a white marble altar of Elyvilon.
  8616 | D:9      | Found an iron altar of Okawaru.
  8617 | D:9      | Found a stormy altar of Qazlal.
  8655 | D:9      | Reached skill level 15 in Stealth
  8690 | D:9      | Acquired Dithmenos' first power
  8705 | D:9      | Reached skill level 5 in Evocations
  8706 | D:9      | Found a staircase to the Lair.
  9667 | D:9      | Found a staircase to the Orcish Mines.
  9673 | D:9      | Reached skill level 10 in Evocations
  9736 | D:9      | Noticed Grum
  9739 | D:9      | Killed Grum
  9742 | D:9      | Acquired Dithmenos' second power
 10381 | D:10     | Entered Level 10 of the Dungeon
 10381 | D:10     | Noticed Harold
 10381 | D:10     | Noticed Josephine
 10381 | D:10     | Noticed an unseen horror
 10383 | D:10     | Killed Harold
 10383 | D:10     | Reached XP level 11. HP: 47/47 MP: 24/29
 10690 | Lair:1   | Entered Level 1 of the Lair of Beasts
 10774 | Lair:1   | Noticed Podrick's ghost (powerful HuFi)
 11076 | Lair:1   | Killed Podrick's ghost
 11076 | Lair:1   | Reached skill level 10 in Short Blades
 11473 | Lair:1   | Noticed a four-headed hydra
 11479 | Lair:1   | Killed a four-headed hydra
 11816 | Lair:1   | Reached skill level 1 in Fighting
 12964 | Lair:2   | Reached XP level 12. HP: 58/58 MP: 27/30
 12993 | Lair:2   | Acquired Dithmenos' third power
 13371 | Lair:3   | Reached skill level 5 in Fighting
 13402 | Lair:3   | Learned a level 6 spell: Invisibility
 13406 | Lair:3   | Learned a level 3 spell: Tukima's Dance
 13623 | Lair:3   | Found a hole to the Spider Nest.
 14050 | Lair:3   | Found a staircase to the Swamp.
 14207 | Lair:1   | Reached skill level 10 in Hexes
 14687 | Lair:4   | Found an iron altar of Okawaru.
 14869 | Lair:4   | Acquired Dithmenos' fourth power
 15216 | Lair:4   | Noticed a five-headed hydra
 15242 | Lair:4   | Killed a five-headed hydra
 15480 | Lair:4   | Learned a level 3 spell: Flight
 15909 | Lair:5   | Got a heavily runed cloak
 15912 | Lair:5   | Identified the +1 cloak of the Hunter {rF+} (You found it on level 5 of the Lair of Beasts)
 15944 | Lair:5   | Noticed a five-headed hydra
 15949 | Lair:5   | Killed a five-headed hydra
 16048 | Lair:5   | Reached skill level 10 in Dodging
 16048 | Lair:5   | Reached XP level 13. HP: 65/65 MP: 16/33
 16050 | Lair:5   | Reached skill level 1 in Charms
 17104 | Lair:6   | Gained mutation: You have large cloven feet. [potion of beneficial mutation]
 17173 | Lair:6   | Found a bloodstained altar of Trog.
 17287 | Lair:6   | Reached skill level 5 in Charms
 18081 | Lair:7   | Noticed Maud
 18084 | Lair:7   | Killed Maud
 18475 | Lair:7   | Reached skill level 10 in Charms
 18483 | Lair:7   | Learned a level 6 spell: Deflect Missiles
 18511 | Lair:7   | Noticed Erica
 18516 | Lair:7   | Reached skill level 1 in Air Magic
 18530 | Lair:7   | Killed Erica
 19691 | Lair:7   | Reached skill level 5 in Air Magic
 19697 | Lair:7   | Paralysed by miscasting Deflect Missiles for 5 turns
 20178 | Lair:8   | Entered Level 8 of the Lair of Beasts
 20178 | Lair:8   | Noticed an azure jelly
 20180 | Lair:8   | Noticed an azure jelly
 20407 | Lair:8   | Found a staircase to the Slime Pits.
 20407 | Lair:8   | Noticed an azure jelly
 20407 | Lair:8   | Noticed an azure jelly
 21018 | Lair:8   | Noticed a dire elephant
 21046 | Lair:8   | Noticed a dire elephant
 21046 | Lair:8   | Noticed a dire elephant
 21072 | Lair:8   | Killed a dire elephant
 21081 | Lair:8   | Mangled by a dire elephant

Action                   |  1- 3 |  4- 6 |  7- 9 | 10-12 | 13-15 || total
-------------------------+-------+-------+-------+-------+-------++-------
Melee: Dagger            |    68 |    93 |    93 |     7 |     2 ||   263
       Short sword       |       |       |   267 |   394 |   413 ||  1074
 Cast: Ensorcelled Hiber |     7 |    36 |   127 |   208 |    95 ||   473
       Confuse           |       |     3 |    11 |     9 |       ||    23
       Invisibility      |       |       |       |     2 |     6 ||     8
       Flight            |       |       |       |       |     1 ||     1
       Deflect Missiles  |       |       |       |       |     1 ||     1
Invok: Shadow Step       |       |       |       |     3 |     2 ||     5
 Abil: Evoke Invisibilit |       |       |       |     1 |       ||     1
Evoke: Wand              |       |       |       |     5 |     4 ||     9
  Use: Potion            |       |     1 |     1 |     5 |     1 ||     8
       Scroll            |       |       |     9 |     3 |    15 ||    27
 Stab: Sleeping          |     8 |    31 |    95 |   177 |    89 ||   400
       Confused          |       |     3 |     7 |     8 |       ||    18
       Distracted        |       |       |     1 |     2 |     1 ||     4
       Invisible         |       |       |       |     2 |    38 ||    40
  Eat: Pizza             |       |       |     1 |       |     2 ||     3
       Bread ration      |       |       |       |     2 |       ||     2
       Royal jelly       |       |       |       |       |     2 ||     2
